 Dungeon Crawl Stone Soup version 0.24.0-13-gcf9b319 (webtiles) character file.

Game seed: 244072898946897901, levelgen mode: deterministic

4312 Aeroq the Destroyer (level 10, -3/83 HPs)
             Began as a Purple Draconian Conjurer on Nov 30, 2019.
             Was a Follower of Sif Muna.
             Slain by a big kobold
             ... wielding a +0 dagger
              (4 damage)
             ... on level 9 of the Dungeon.
             The game lasted 00:29:56 (15419 turns).

Aeroq the Destroyer (Purple Draconian Conjurer)    Turns: 15419, Time: 00:29:56

Health: -3/83      AC:  7    Str: 12    XL:     10   Next: 11%
Magic:  23/23      EV: 14    Int: 18    God:    Sif Muna [*.....]
Gold:   185        SH:  0    Dex: 11    Spells: 18/28 levels left

rFire    . . .     SeeInvis .   J - +1 spear (venom)
rCold    . . .     Gourm    .   (no shield)
rNeg     + . .     Faith    .   (armour unavailable)
rPois    .         Spirit   .   (helmet restricted)
rElec    .         Reflect  .   D - scarf {repulsion}
rCorr    .         Harm     +   (no gloves)
MR       +....                  (no boots)
Stlth    ++........             j - amulet of harm
HPRegen  0.23/turn              f - ring of positive energy
MPRegen  0.18/turn              (no ring)

@: repel missiles
A: breathe power, unfitting armour, cold-blooded, AC +7
a: Breathe Dispelling Energy, Channel Magic, Renounce Religion


You were on level 9 of the Dungeon.
You worshipped Sif Muna.
Sif Muna was aware of your devotion.
You were not hungry.

You visited 2 branches of the dungeon, and saw 10 of its levels.

You collected 451 gold pieces.
You spent 266 gold pieces at shops.

Inventory:

Hand Weapons
 c - a +1 short sword
 d - a +0 dagger
 B - a +3 flail of protection
 J - a +1 spear of venom (weapon)
Missiles
 q - 16 poisoned darts (quivered)
 K - a throwing net
Armour
 l - a +1 robe of positive energy
 D - a scarf of repulsion (worn)
Magical Staves
 F - an uncursed staff of poison
Jewellery
 f - a ring of positive energy (left hand)
 j - an amulet of harm (around neck)
 w - an uncursed amulet of regeneration {unknown}
 y - an uncursed ring of protection from cold {unknown}
Wands
 p - a wand of polymorph (7)
 r - a wand of paralysis (2)
 u - a wand of iceblast (13)
Scrolls
 a - 3 scrolls of amnesia
 e - 4 scrolls of fog
 g - 3 scrolls of teleportation
 i - 10 scrolls of identify
 k - a scroll of enchant weapon
 t - 4 scrolls of enchant armour
 x - 2 scrolls of remove curse
 C - 2 scrolls of magic mapping
 H - a scroll of acquirement {unknown}
 L - a scroll of immolation
Potions
 h - a potion of degeneration
 m - 2 potions of heal wounds
 n - 2 potions of haste
 o - a potion of lignification
 s - 2 potions of agility
 v - 2 potions of ambrosia {unknown}
 z - a potion of berserk rage {unknown}
 A - 3 potions of flight {unknown}
 E - a potion of cancellation
 G - a potion of might {unknown}
 I - 2 potions of curing
Comestibles
 b - 3 rations


   Skills:
 + Level 6.2 Fighting
 + Level 5.7 Dodging
 - Level 1.9 Stealth
 * Level 9.6 Spellcasting
 * Level 9.6 Conjurations


You had 18 spell levels left.
You knew the following spells:

 Your Spells              Type           Power        Failure   Level  Hunger
a - Magic Dart            Conj           ####         1%          1    None
b - Searing Ray           Conj           #####.       1%          2    None
c - Dazzling Spray        Conj/Hex       ####..       3%          3    None
d - Iskenderun's Mystic   Conj           #####...     1%          4    ###....

Your spell library contained the following spells:

 Spells                   Type           Power        Failure   Level  Hunger
 Summon Small Mammal      Summ           #...         9%          1    None
 Force Lance              Conj/Tloc      ####....     12%         4    ###....
 Fulminant Prism          Conj/Hex       ####......   12%         4    ###....
 Call Imp                 Summ           #.......     13%         2    None
 Call Canine Familiar     Summ           #.......     26%         3    None
 Summon Guardian Golem    Hex/Summ       #.......     26%         3    None
 Summon Ice Beast         Ice/Summ       #.......     63%         4    ###....
 Summon Lightning Spire   Summ/Air       #.......     63%         4    ###....


Dungeon Overview and Level Annotations

Branches:
Dungeon (9/15)             Temple (1/1) D:6
   Lair: D:8-11         Orc: D:9-12

Altars:
Cheibriados
Dithmenos
Elyvilon
Fedhas
Gozag
Hepliaklqana
Kikubaaqudgha
Makhleb
Nemelex Xobeh
Okawaru
Qazlal
Ru
Sif Muna
Xom
Yredelemnul
Zin
The Shining One

Shops:
D:6 (   D:7 !

Annotations:
D:8 3 runed translucent doors, beanscad's ghost, novice MiCK


Innate Abilities, Weirdness & Mutations

You can breathe bolts of dispelling energy.
Your rich purple scales are hard. (AC +7)
You cannot fit into any form of body armour.
You are cold-blooded and may be slowed by cold attacks.


Message History

You start resting.
HP restored.
You start waiting.
Done waiting.
There is a stone staircase leading down here.
There is a stone staircase leading down here.
You climb downwards.
The worker ant bites you but does no damage.
The two-headed ogre completely misses you.
The two-headed ogre hits you with a +0 giant club!!
The worker ant closely misses you.
The big kobold hits you with a +0 dagger.
There is a stone staircase leading up, spattered with blood here.
The two-headed ogre hits you with a +0 giant spiked club!!
The two-headed ogre hits you with a +0 giant club!!
* * * LOW HITPOINT WARNING * * *
The worker ant bites you but does no damage.
The kobold closely misses you.
The big kobold hits you with a +0 dagger.
You die...

########
#......# .
#......# #
#..KK..#####
####..KOK......
#......@..###
#.....a.....#
####....>.#.#
######## .# #
## ###. #...
#.#.


You could see a two-headed ogre, a big kobold, a worker ant and 3 kobolds.

Vanquished Creatures
  A cyclops (D:8)
  Psyche (D:8)
  Prince Ribbit (D:8)
  Edmund (D:5)
  2 water moccasins
  4 sky beasts
  2 orc warriors
  4 ogres
  2 centaurs
  A bullfrog (D:8)
  18 killer bees
  3 howler monkeys
  2 crimson imps
  2 bullfrog zombies
  2 hounds
  2 jellies
  3 orc wizards
  A gnoll shaman (D:5)
  A bullfrog skeleton (D:6)
  A centaur zombie (D:8)
  2 orc priests
  Jessica (D:2)
  3 iguanas
  7 worker ants
  A killer bee zombie (D:7)
  3 hound skeletons
  A worker ant zombie (D:7)
  8 adders
  8 gnolls
  A shadow imp (D:5)
  2 oozes
  An adder skeleton (D:5)
  3 leopard geckos
  14 orcs
  15 giant cockroaches
  5 goblins
  14 hobgoblins
  5 jackals
  4 kobolds
  4 quokkas
  3 ball pythons
  8 bats
  5 frilled lizards
  A giant cockroach zombie (D:5)
  A jackal skeleton (D:4)
  A quokka skeleton (D:5)
  7 rats
182 creatures vanquished.

Vanquished Creatures (others)
  A hound skeleton (D:7)
1 creature vanquished.

Grand Total: 183 creatures vanquished

Notes
Turn   | Place    | Note
-------+----------+-------------------------------------------
     0 | D:1      | Aeroq the Draconian Conjurer began the quest for the Orb.
     0 | D:1      | Reached XP level 1. HP: 14/14 MP: 3/3
   301 | D:1      | Reached XP level 2. HP: 20/20 MP: 1/5
   884 | D:2      | Reached XP level 3. HP: 26/26 MP: 3/6
   888 | D:2      | Learned a level 2 spell: Searing Ray
   892 | D:2      | Learned a level 3 spell: Dazzling Spray
   900 | D:2      | Noticed Jessica
  1296 | D:2      | Killed Jessica
  1396 | D:2      | Reached skill level 1 in Fighting
  1401 | D:2      | Reached XP level 4. HP: 29/35 MP: 2/7
  1732 | D:2      | Reached skill level 5 in Conjurations
  2668 | D:3      | Reached XP level 5. HP: 40/40 MP: 4/9
  3947 | D:4      | Reached XP level 6. HP: 36/48 MP: 0/11
  4235 | D:4      | Found a snail-covered altar of Cheibriados.
  4311 | D:3      | Learned a level 4 spell: Iskenderun's Mystic Blast
  5267 | D:4      | Your scales start taking on a rich purple colour.
  5267 | D:4      | Reached skill level 5 in Spellcasting
  5267 | D:4      | Reached XP level 7. HP: 56/56 MP: 7/14
  5315 | D:5      | Entered Level 5 of the Dungeon
  6102 | D:5      | Noticed Edmund
  6993 | D:5      | Reached XP level 8. HP: 32/63 MP: 5/17
  7446 | D:5      | Killed Edmund
  7556 | D:6      | Found a staircase to the Ecumenical Temple.
  7584 | D:6      | Found Hevisas's Antique Weapon Shop.
  7602 | D:6      | HP: 2/66 [orc warrior/+0 dire flail (20)]
  8125 | Temple   | Entered the Ecumenical Temple
  8365 | Temple   | Became a worshipper of Sif Muna the Loreminder
 10133 | D:7      | Reached XP level 9. HP: 73/73 MP: 15/20
 10216 | D:7      | Found Ahup's Distillery.
 10221 | D:7      | Bought a potion of curing for 42 gold pieces
 10221 | D:7      | Bought a potion of heal wounds for 70 gold pieces
 10221 | D:7      | Bought a potion of heal wounds for 70 gold pieces
 10221 | D:7      | Bought a potion of curing for 42 gold pieces
 10221 | D:7      | Bought a potion of curing for 42 gold pieces
 10271 | D:7      | Found a shadowy altar of Dithmenos.
 10430 | D:7      | Reached skill level 5 in Fighting
 11773 | D:8      | Found a sparkling altar of Nemelex Xobeh.
 11775 | D:8      | Found a basalt altar of Yredelemnul.
 11776 | D:8      | Found an opulent altar of Gozag.
 11777 | D:8      | Found a blossoming altar of Fedhas.
 11777 | D:8      | Found a burning altar of Makhleb.
 11777 | D:8      | Found a hazy altar of Hepliaklqana.
 11778 | D:8      | Found a shimmering altar of Xom.
 11810 | D:8      | Reached skill level 5 in Dodging
 12267 | D:8      | Noticed Psyche
 12276 | D:8      | Paralysed by Psyche for 7 turns
 12311 | D:8      | Killed Psyche
 13562 | D:8      | Noticed Prince Ribbit
 13571 | D:8      | Killed Prince Ribbit
 13720 | D:8      | Noticed a cyclops
 14089 | D:8      | Reached * piety under Sif Muna
 14178 | D:8      | Killed a cyclops
 14178 | D:8      | Reached XP level 10. HP: 79/83 MP: 13/23
 14858 | D:8      | Found a runed translucent gate.
 14858 | D:8      | Found a runed translucent gate.
 14858 | D:8      | Found a runed translucent gate.
 14858 | D:8      | Noticed beanscad's ghost (novice MiCK)
 14995 | D:9      | Noticed a two-headed ogre
 15419 | D:9      | HP: 1/83 [two-headed ogre/+0 giant spiked club (30)]
 15419 | D:9      | Slain by a big kobold

Levels and vault maps discovered:
D:1:      psy_arrival_conway, layout_basic
D:2:      minmay_roachtagon, layout_basic, uniq_jessica
D:3:      layout_basic
D:4:      layout_rooms, cheibriados_altar_1
D:5:      layout_cave_pools, first_ration, kennysheep_small_spiral, uniq_edmund
D:6:      layout_rooms, minmay_temple_entry_butterflies, serial_shops, shop
D:7:      layout_loops_corners, marbit_many_paths, serial_shops, shop,
          grunt_ogre_cave, lemuel_flame_loot_1
D:8:      layout_cave_pods, grunt_temple_overflow_open,
          ebering_ghost_rock_garden, minmay_holes, uniq_psyche,
          uniq_prince_ribbit1
D:9:      layout_rooms, ashenzari_altar_1, uniq_maurice
Temple:   nicolae_temple_hex_pool

Skill      XL: |  1  2  3  4  5  6  7  8  9 |
---------------+----------------------------+-----
Dodging        | 2 3 4 5 |  5.7
Fighting       | 1 2 3 4 6 |  6.2
Conjurations   | 5 6 8 9 |  9.6
Spellcasting   | 3 5 6 7 9 |  9.6
Stealth        | |  1.9

Action                   |  1- 3 |  4- 6 |  7- 9 | 10-12 || total
-------------------------+-------+-------+-------+-------++-------
Melee: Short sword       |    26 |    82 |    32 |       ||   140
       Tailslap          |     3 |    10 |    13 |     2 ||    28
       Flail             |       |       |    27 |       ||    27
       Spear             |       |       |    60 |    15 ||    75
 Cast: Magic Dart        |    57 |   121 |   122 |     2 ||   302
       Searing Ray       |       |     9 |    53 |     3 ||    65
       Dazzling Spray    |       |     3 |    19 |       ||    22
Evoke: Wand              |       |       |    12 |     1 ||    13
  Use: Scroll            |       |    15 |     1 |     1 ||    17
       Potion            |       |     4 |     4 |       ||     8
 Stab: Sleeping          |       |     2 |       |       ||     2
       Paralysed         |       |       |    11 |       ||    11
  Eat: Chunk             |     2 |     7 |     5 |       ||    14
       Ration            |       |     2 |     7 |     1 ||    10
Armor: Skin              |    14 |    53 |    99 |    12 ||   178
Dodge: Dodged            |    31 |   104 |   248 |    37 ||   420
       Deflected         |       |       |     6 |     1 ||     7
